 Dungeon Crawl Stone Soup version 0.27-a0-448-gace5c5693b (console) character file.

Game seed: 2629462617259227059

200 jejorda2 the Poker (level 5, -1/42 HPs)
             Began as a Merfolk Gladiator on Feb 27, 2021.
             Slain by Crazy Yiuf
             ... wielding a +4 quarterstaff of chaos
              (9 damage)
             ... on level 3 of the Dungeon.
             The game lasted 00:04:32 (3109 turns).

jejorda2 the Poker (Merfolk Gladiator)              Turns: 3109, Time: 00:04:33

Health: -1/42      AC:  9    Str: 15    XL:     5   Next: 79%
Magic:  5/5        EV:  8    Int: 14    God:
Gold:   136        SH:  0    Dex: 15    Spells: 4/4 levels left

rFire    . . .     SeeInvis .   a - +0 trident
rCold    . . .     Faith    .   (no shield)
rNeg     . . .     Spirit   .   b - +0 chain mail
rPois    .         Reflect  .   c - +0 helmet
rElec    .         Harm     .   (no cloak)
rCorr    .         Rampage  .   (no gloves)
Will     .....                  (no boots)
Stlth    ..........             l - amulet of magic regeneration
HPRegen  0.14/turn              h - +6 ring of intelligence
MPRegen  0.34/turn              (no ring)

@: slowed, very slow
A: change form in water, swift swim, stealthy swim
a: no special abilities


You were on level 3 of the Dungeon.
You visited 1 branch of the dungeon, and saw 3 of its levels.

You collected 136 gold pieces.

Inventory:

Hand Weapons
 a - a +0 trident (weapon)
Missiles
 d - 3 throwing nets (quivered)
 m - 6 poisoned darts
Armour
 b - a +0 chain mail (worn)
 c - a +0 helmet (worn)
Jewellery
 h - a +6 ring of intelligence (left hand)
 l - an amulet of magic regeneration (around neck)
Scrolls
 e - 3 scrolls of identify {unknown}
 i - a scroll of noise {unknown}
 j - 2 scrolls of magic mapping {unknown}
 n - a scroll of enchant armour {unknown}
Potions
 f - a potion of curing {unknown}
 g - 2 potions of heal wounds {unknown}
 k - 2 potions of magic {unknown}
 o - a potion of resistance {unknown}


   Skills:
 + Level 4.0 Fighting
 * Level 7.9 Polearms
 - Level 2.0 Throwing
 - Level 4.0 Dodging


You had 4 spell levels left.
You didn't know any spells.
Your spell library was empty.

Dungeon Overview and Level Annotations

Branches:
Dungeon (3/15)

Altars:
Hepliaklqana
Trog
Xom
Yredelemnul
The Shining One

Annotations:
D:3 Crazy Yiuf


Message History

You see here 4 stones.
Items here: ) †.
You now have 136 gold pieces (gained 14).
You see here a +0 scale mail.
You see here a +0 leather armour.
Found a mace.
Found a runed translucent door.
Crazy Yiuf screams, "Cholesterol!"
As you open the door, it creaks loudly!
Crazy Yiuf yells, "You agre sing-song!"
You hit Crazy Yiuf.
Crazy Yiuf is moderately wounded.
Crazy Yiuf hits you with a +4 quarterstaff of chaos.
Crazy Yiuf burns you.
You closely miss Crazy Yiuf.
Crazy Yiuf is moderately wounded.
You hit Crazy Yiuf.
Crazy Yiuf is heavily wounded.
Crazy Yiuf hits you with a +4 quarterstaff of chaos.
You are electrocuted!
You hit Crazy Yiuf but do no damage.
Crazy Yiuf is moderately wounded.
Crazy Yiuf closely misses you.
You barely miss Crazy Yiuf.
Crazy Yiuf is moderately wounded.
Crazy Yiuf hits you with a +4 quarterstaff of chaos.
Crazy Yiuf freezes you.
You hit Crazy Yiuf but do no damage.
Crazy Yiuf is moderately wounded.
Crazy Yiuf barely misses you.
You hit Crazy Yiuf but do no damage.
Crazy Yiuf is moderately wounded.
You hit Crazy Yiuf.
Crazy Yiuf is heavily wounded.
Crazy Yiuf hits you but does no damage.
You feel yourself slow down.
You hit Crazy Yiuf but do no damage.
Crazy Yiuf is heavily wounded.
Crazy Yiuf hits you with a +4 quarterstaff of chaos.
* * * LOW HITPOINT WARNING * * *
Crazy Yiuf hits you with a +4 quarterstaff of chaos!
You die...

# #.#####.#####...#
#.# ###########.#
#.# ##..# #.#
.##.[.......# #.#
#..#####.#
.##.######### ###
#........# .##.##
#.÷######. .....#
#..#####..
####.####### ###
#.........
#....#..## ###..)#
#....##### #
#.#.....P####@g...#
#.....# ##
#.##....P.#..##...#
#....## .#
#.####...#.### ###
###.## ### ## #.#
####### ### #..
.###.# #.# #.##.#
### #########.#
.....# #.#
#.........#
...########.#
###########
...###...>..#


You could see Crazy Yiuf.

Vanquished Creatures
  Jessica (D:2)
  10 adders
  2 oozes (D:2)
  A worm (D:3)
  2 dart slugs (D:2)
  5 leopard geckos
  A ball python (D:3)
  2 giant cockroaches (D:1)
  7 goblins
  9 hobgoblins
  10 kobolds
  A quokka (D:3)
  7 bats
  4 frilled lizards
  8 rats
70 creatures vanquished.

Notes
Turn   | Place    | Note
-------+----------+-------------------------------------------
     0 | D:1      | jejorda2 the Merfolk Gladiator began the quest for the Orb.
     0 | D:1      | Reached XP level 1. HP: 16/16 MP: 1/1
   167 | D:1      | Reached XP level 2. HP: 20/23 MP: 2/2
   171 | D:1      | Reached skill level 5 in Polearms
   665 | D:1      | Reached XP level 3. HP: 28/28 MP: 3/3
   990 | D:2      | Reached skill level 6 in Polearms
  1031 | D:2      | Noticed Jessica
  1037 | D:2      | Killed Jessica
  1038 | D:2      | Reached XP level 4. HP: 35/35 MP: 4/4
  1219 | D:2      | Found a glowing golden altar of the Shining One.
  1604 | D:2      | Reached skill level 7 in Polearms
  1604 | D:2      | Reached XP level 5. HP: 38/41 MP: 5/5
  1860 | D:2      | Found a basalt altar of Yredelemnul.
  2632 | D:3      | Found a hazy altar of Hepliaklqana.
  2632 | D:3      | Found a bloodstained altar of Trog.
  2633 | D:3      | Found a shimmering altar of Xom.
  3096 | D:3      | Found a runed translucent door.
  3097 | D:3      | Noticed Crazy Yiuf
  3109 | D:3      | Slain by Crazy Yiuf

Illustrated notes

Levels and vault maps discovered:
D:1:      mrwooster_arrival_arrow, layout_loops_cross
D:2:      layout_loops_cross, lemuel_doored_altar, old_standard_altar,
          nrook_uturn, uniq_jessica
D:3:      layout_loops_ring, chequers_temple_overflow_statue_of_worship,
          chequers_serial_rivers_micro_b, uniq_crazy_yiuf_cottage

Skill      XL: |  1  2  3  4  5 |
---------------+----------------+-----
Polearms       | 5 6 7 |  7.9
Fighting       | 3 4 |  4.0
Throwing       | |  2.0
Dodging        | |  4.0

Action                   |  1- 3 |  4- 6 || total
-------------------------+-------+-------++-------
Melee: Trident           |    91 |   173 ||   264
 Stab: Sleeping          |     2 |       ||     2
Armor: Leather armour    |    17 |       ||    17
       Ring mail         |     5 |     6 ||    11
       Chain mail        |       |    57 ||    57
Dodge: Dodged            |    41 |    56 ||    97

Table legend: (Time is in decaauts)
 A = Elapsed time spent in this place.
 B = Non-inter-level travel time spent in this place.
 C = Inter-level travel time spent in this place.
 D = Time resting spent in this place.
 E = Time spent auto-exploring this place.
 F = Levels seen in this place.
 G = Mean time per level.
                   A        B        C        D        E       F      G
               +--------+--------+--------+--------+--------+-----+--------+
         Total |   3100 |   3047 |     53 |      0 |   2556 |   3 | 1033.3 |
       Dungeon |   3100 |   3047 |     53 |      0 |   2556 |   3 | 1033.3 |
               +--------+--------+--------+--------+--------+-----+--------+

Top non-repeatable levels by time:
     D:2: 1274 daAuts
     D:1: 980 daAuts
     D:3: 845 daAuts
